Map: 中心协议

Players

TIME (Oliveira) - Winner!

  • Race: Terran Terran
  • League: Master

iGiA (iAsonu)

  • Race: Zerg Zerg
  • League: Master

Event: GPL 2015 - Grand Finals

VOD

Have the link to the VOD?

Description

Time

  • Played on: Jan. 25, 2016, 7:03 a.m.
  • Length: 10:53

All games in this series

Show
View Real Time Build Order
Export as new Build Order

TIME Terran - Winner!

Build Orders: Reaper Expand, Hellion Banshee, MMM Bio 

Get SALT Encoding   

  12  0:01  SCV  
  13  0:13  SCV  
  14  0:17  Supply Depot  
  14  0:25  SCV  
  15  0:39  SCV  
  15  0:42  Barracks  
  16  0:46  Refinery  
  16  0:51  SCV  
  17  1:03  SCV  
  18  1:15  SCV  
  19  1:29  Reaper, Orbital Command  
  20  1:42  Command Center  
  20  1:50  Supply Depot  
  20  1:55  SCV  
  21  2:01  Marine  
  21  2:07  SCV  
  23  2:11  Factory  
  23  2:17  Refinery  
  23  2:20  SCV  
  24  2:25  Barracks Reactor  
  24  2:32  SCV  
  24  2:44  SCV  
  24  2:45  Command Center  
  24  2:57  SCV  
  25  2:59  Starport  
  25  3:09  SCV  
  25  3:12  Hellion x2  
  30  3:15  Barracks Tech Lab  
  30  3:22  Supply Depot  
  30  3:23  SCV  
  31  3:42  Cloaking Field  
  31  3:44  Hellion x2  
  31  3:48  Banshee  
  35  3:51  SCV  
  39  4:00  Marine  
  40  4:04  SCV  
  40  4:06  Hellion  
  40  4:07  Hellion  
  45  4:19  SCV  
  46  4:25  Armory  
  46  4:26  Orbital Command  
  46  4:31  Banshee  
  46  4:34  SCV  
  50  4:39  Hellion  
  50  4:43  Hellion  
  54  4:56  SCV  
  54  4:57  Supply Depot  
  55  5:02  Hellion, SCV  
  58  5:08  SCV  
  59  5:14  SCV  
  59  5:17  Hellion  
  59  5:19  Banshee  
  59  5:20  SCV  
  66  5:31  SCV  
  66  5:33  SCV, Command Center  
  64  5:43  SCV  
  64  5:45  SCV  
  63  5:55  SCV  
  55  5:57  SCV  
  55  5:59  Liberator x2, Barracks Tech Lab  
  52  6:04  Barracks  
  52  6:06  Barracks  
  52  6:08  SCV  
  52  6:09  SCV  
  50  6:11  Refinery x2  
  50  6:15  Supply Depot  
  50  6:17  Siege Tank  
  59  6:21  Stimpack  
  59  6:22  Marine  
  59  6:23  SCV  
  59  6:24  SCV  
  62  6:35  SCV  
  63  6:41  Liberator, Marine  
  63  6:42  Liberator, SCV  
  63  6:44  Engineering Bay  
  63  6:45  Orbital Command  
  63  6:46  Engineering Bay  
  65  6:53  SCV  
  66  6:55  SCV  
  66  6:59  Marine  
  74  7:03  Supply Depot, Barracks Reactor x2  
  74  7:05  SCV  
  75  7:14  SCV  
  76  7:17  Marine  
  76  7:18  Siege Tank  
  76  7:22  Orbital Command  
  80  7:26  Missile Turret  
  80  7:27  Barracks  
  80  7:28  Barracks  
  80  7:30  SCV  
  80  7:34  Terran Infantry Armor Level 1, Terran Infantry Weapons Level 1  
  80  7:35  Marine  
  82  7:39  Marine x2  
  82  7:40  Marine  
  82  7:42  SCV  
  82  7:44  Supply Depot, Medivac  
  86  7:50  SCV  
  86  7:51  SCV  
  90  7:57  Supply Depot  
  90  8:00  Marine x4  
  90  8:04  Medivac, Marine  
  97  8:05  Bunker  
  97  8:15  SCV x2  
  97  8:16  Supply Depot, SCV  
  97  8:17  Barracks Reactor x2, Marine x2  
  102  8:21  Refinery, Marine x2  
  104  8:27  Siege Tank, Marine  
  104  8:28  Medivac  
  104  8:30  SCV  
  111  8:38  Marine x2  
  111  8:39  Supply Depot  
  113  8:42  Supply Depot x2, Marine x2  
  113  8:47  Marine  
  116  8:57  Medivac, Marine x3  
  116  9:01  Marine  
  122  9:03  Marine  
  122  9:05  Marine x2  
  122  9:06  Siege Tank  
  122  9:08  Marine  
  122  9:09  Medivac, Marine  
  128  9:16  Supply Depot  
  129  9:17  Command Center  
  129  9:22  Combat Shields, Marine x2  
  131  9:24  Marine  
  131  9:25  Marine  
  131  9:29  Marine x2  
  135  9:32  Marine  
  135  9:33  Medivac, Marine  
  139  9:39  Marine  
  140  9:47  Marine x2  
  140  9:48  Siege Tank, Medivac  
  140  9:51  Marine  
  148  9:52  Factory  
  148  9:54  Marine  
  148  9:55  Marine  
  148  9:57  Marine  
  151  10:01  Marine  
  151  10:03  Marine x2  
  151  10:05  SCV  
  151  10:06  SCV  
  144  10:07  Marine x2  
  144  10:09  Marine  
  144  10:12  Marine  
  144  10:13  Marine  
  142  10:15  Marine  
  142  10:19  Marine  
  142  10:20  SCV  
  144  10:21  Marine  
  144  10:24  Marine  
  144  10:26  Marine  
  147  10:30  Marine  
  147  10:31  Marine  
Show
View Real Time Build Order
Export as new Build Order

iGiA Zerg 

Build Orders: Pool First 

Get SALT Encoding   

  12  0:01  Drone  
  13  0:12  Overlord  
  13  0:16  Drone  
  14  0:23  Extractor  
  14  0:24  Drone  
  14  0:40  Spawning Pool  
  13  0:43  Drone  
  13  0:48  Drone  
  15  0:52  Drone  
  16  1:04  Overlord  
  16  1:27  Metabolic Boost, Queen  
  16  1:28  Zergling x2  
  16  1:29  Zergling x2  
  21  1:32  Zergling x2  
  21  1:40  Zergling x2  
  22  1:51  Zergling x2  
  23  2:00  Hatchery  
  22  2:03  Zergling x2  
  23  2:14  Zergling x2  
  24  2:16  Queen  
  26  2:31  Drone  
  26  2:32  Overlord  
  27  2:40  Drone x2  
  27  2:43  Drone  
  30  2:52  Overlord  
  28  3:00  Drone  
  28  3:10  Drone  
  28  3:12  Drone x2  
  30  3:14  Drone x2  
  32  3:23  Drone x2  
  32  3:24  Queen  
  36  3:31  Queen  
  38  3:34  Drone  
  38  3:38  Drone  
  40  3:42  Drone x2  
  42  3:52  Drone  
  42  3:54  Drone  
  42  3:55  Overlord  
  44  3:58  Drone  
  44  3:59  Drone  
  44  4:02  Drone  
  47  4:03  Drone  
  48  4:17  Hatchery  
  48  4:23  Queen  
  49  4:25  Roach Warren  
  49  4:26  Drone  
  49  4:31  Lair  
  49  4:37  Overlord  
  49  4:40  Overlord  
  49  4:42  Extractor x2  
  47  4:46  Drone  
  47  4:48  Drone  
  47  4:49  Drone  
  47  4:52  Overlord  
  50  4:55  Drone x2  
  50  4:56  Overlord  
  52  5:05  Roach x3  
  58  5:17  Spore Crawler  
  58  5:19  Spore Crawler  
  58  5:21  Roach x4  
  64  5:24  Roach  
  64  5:25  Spore Crawler  
  65  5:29  Overseer  
  65  5:38  Roach  
  65  5:40  Overlord  
  59  5:45  Overlord  
  59  5:47  Roach  
  57  5:54  Roach  
  57  5:55  Overlord  
  51  6:00  Drone  
  51  6:02  Drone x2  
  54  6:07  Drone  
  54  6:08  Drone  
  54  6:09  Drone  
  57  6:13  Drone  
  57  6:14  Drone  
  57  6:16  Hatchery  
  58  6:22  Drone  
  58  6:24  Overseer  
  59  6:26  Drone  
  59  6:28  Drone x2  
  59  6:30  Evolution Chamber, Drone  
  59  6:31  Evolution Chamber  
  59  6:32  Glial Reconstitution, Extractor  
  60  6:33  Drone  
  60  6:38  Drone x2  
  64  6:40  Drone  
  64  6:46  Zergling x2  
  65  6:52  Baneling Nest  
  65  6:53  Zergling x2  
  65  6:58  Zergling x8  
  69  7:04  Zerg Melee Weapons Level 1, Zerg Ground Armor Level 1  
  69  7:06  Zergling x2  
  70  7:14  Zergling x2  
  70  7:15  Zergling x2  
  70  7:19  Overseer  
  70  7:21  Overlord  
  69  7:24  Zergling x6  
  69  7:29  Overlord  
  72  7:32  Drone x4  
  72  7:35  Overlord  
  76  7:39  Drone  
  76  7:41  Drone  
  78  7:46  Centrifical Hooks  
  78  7:48  Drone  
  78  7:49  Zergling x6  
  78  7:51  Drone x2  
  84  7:54  Drone  
  84  7:57  Zergling x4  
  87  8:01  Zergling x2  
  88  8:06  Zergling x10  
  93  8:16  Hatchery, Infestation Pit  
  93  8:18  Zergling x12  
  97  8:24  Extractor x2  
  97  8:25  Drone  
  96  8:27  Drone  
  96  8:31  Drone  
  96  8:34  Ravager x2  
  98  8:39  Spore Crawler  
  97  8:41  Zergling x2  
  97  8:42  Zergling x14  
  97  8:48  Ravager x2  
  107  8:50  Drone x2  
  107  8:55  Overlord  
  100  9:14  Drone  
  100  9:15  Drone x2, Queen  
  101  9:22  Zergling x8  
  101  9:24  Drone  
  106  9:30  Zergling x6  
  99  9:41  Drone x3  
  99  9:42  Zergling x2  
  99  9:43  Zergling x4  
  105  9:46  Drone  
  105  9:49  Drone x2  
  108  9:57  Zergling x6  
  111  10:02  Baneling x4  
  111  10:03  Baneling x2  
  106  10:08  Baneling  
  106  10:09  Baneling x5  
  101  10:22  Baneling x16  
Tags
 
Add a new tag
Caveats
  • Supply blocks, unpowered buildings, or Contaminate may cause inaccurate times.
  • Supply counts are checked every 10 seconds.